[ AOE2 MATCH · #504849285 ]
UnrankedTatars vs Huns
Player's team · LOSS
Rival team · WIN
[ REPLAY ANALYSIS · EXTRACTED FROM THE RECORDED GAME ]
Feudal
9:16
Castle
20:58
Imperial
—
| APM avg | 54.5 |
| APM peak | 83 |
| eAPM avg | 35.7 |
| Villagers / military | 173 / 199 |
Focus
⚔️ 53.5% · 🌾 46.5%
Knight ×90 · Camel Scout ×50 · Skirmisher ×44 · Archer ×7 · Scorpion ×4 · Militia ×3
Feudal
9:08
Castle
21:20
Imperial
39:52
| APM avg | 48.0 |
| APM peak | 97 |
| eAPM avg | 23.8 |
| Villagers / military | 207 / 292 |
Focus
⚔️ 37.5% · 🌾 62.5%
Spearman ×108 · Cavalry Archer ×76 · Skirmisher ×43 · Battering Ram ×30 · Tarkan ×27 · Scout Cavalry ×5
Match map
Initial resources + every placement click. Lines = walls · curves = elevation contours. ◆ gold · ⬟ stone · ● berries · ✦ relic · ◌ wall gap
Your base· ✓ Closed at 20:58 · 36t walls · no gate
PaPa $/V\uRF's base· Open — opponent sealed themselves in
Smoothed initial terrain · ◌ = detected wall gap · hover for details
Inputs per minute
— FJL - - PaPa $/V\uRF
Build order — FJL
First 150 of 592 actions detected
| 0:01 | Queue | Villager (Male) |
| 0:02 | Build | House |
| 0:03 | Build | House |
| 0:07 | Queue | Villager (Male) |
| 0:13 | Queue | Villager (Male) |
| 0:17 | Queue | Villager (Male) |
| 0:17 | Queue | Villager (Male) |
| 1:30 | Queue | Villager (Male) |
| 1:30 | Queue | Villager (Male) |
| 1:48 | Queue | Villager (Male) |
| 2:04 | Build | Lumber Camp |
| 2:09 | Queue | Villager (Male) |
| 2:41 | Queue | Villager (Male) |
| 2:42 | Queue | Villager (Male) |
| 3:02 | Queue | Villager (Male) |
| 3:29 | Build | House |
| 3:40 | Queue | Villager (Male) |
| 3:43 | Build | House |
| 3:59 | Queue | Villager (Male) |
| 4:00 | Queue | Villager (Male) |
| 4:30 | Queue | Villager (Male) |
| 4:34 | Queue | Villager (Male) |
| 5:07 | Build | Barracks |
| 5:16 | Queue | Villager (Male) |
| 5:35 | Build | Palisade Wall |
| 5:46 | Queue | Villager (Male) |
| 5:46 | Research | Loom |
| 6:02 | Queue | Villager (Male) |
| 6:02 | Research | Loom |
| 6:23 | Build | Palisade Wall |
| 7:03 | Research | Feudal Age |
| 7:23 | Build | Mining Camp |
| 7:29 | Queue | Militia |
| 7:45 | Queue | Militia |
| 8:04 | Build | House |
| 8:06 | Build | Palisade Wall |
| 8:11 | Queue | Militia |
| 8:26 | Build | Palisade Wall |
| 8:28 | Build | Palisade Wall |
| 8:30 | Build | Palisade Wall |
| 8:53 | Queue | Villager (Male) |
| 9:16 | Age | Feudal Age |
| 9:18 | Research | Man-at-Arms (upgrade) |
| 9:34 | Build | Archery Range |
| 9:35 | Queue | Villager (Male) |
| 9:54 | Queue | Villager (Male) |
| 10:03 | Build | House |
| 10:09 | Queue | Villager (Male) |
| 10:17 | Build | Palisade Wall |
| 10:18 | Queue | Archer |
| 10:28 | Build | Mill |
| 10:31 | Queue | Villager (Male) |
| 10:44 | Build | House |
| 10:46 | Queue | Archer |
| 10:51 | Queue | Villager (Male) |
| 11:15 | Queue | Archer |
| 11:18 | Queue | Villager (Male) |
| 11:43 | Queue | Villager (Male) |
| 11:45 | Build | Blacksmith |
| 11:45 | Queue | Spearman |
| 11:51 | Queue | Villager (Male) |
| 12:10 | Queue | Villager (Male) |
| 12:26 | Queue | Villager (Male) |
| 12:29 | Queue | Archer |
| 12:33 | Build | Farm |
| 12:34 | Build | Farm |
| 12:35 | Build | Farm |
| 12:35 | Build | Farm |
| 12:38 | Queue | Archer |
| 12:42 | Queue | Villager (Male) |
| 12:50 | Research | Double-Bit Axe |
| 13:09 | Queue | Villager (Male) |
| 13:16 | Build | Farm |
| 13:27 | Queue | Villager (Male) |
| 13:29 | Build | Farm |
| 13:32 | Queue | Archer |
| 13:51 | Queue | Villager (Male) |
| 13:53 | Build | Farm |
| 13:53 | Build | Farm |
| 14:01 | Research | Fletching |
| 14:06 | Build | Farm |
| 14:08 | Queue | Villager (Male) |
| 14:14 | Build | Farm |
| 14:22 | Queue | Villager (Male) |
| 14:22 | Queue | Villager (Male) |
| 14:30 | Build | Farm |
| 14:36 | Queue | Villager (Male) |
| 14:36 | Queue | Villager (Male) |
| 14:38 | Build | House |
| 14:43 | Build | House |
| 14:51 | Queue | Villager (Male) |
| 15:00 | Queue | Villager (Male) |
| 15:01 | Queue | Archer |
| 15:02 | Build | Farm |
| 15:03 | Build | Farm |
| 15:12 | Queue | Villager (Male) |
| 15:14 | Build | Farm |
| 15:17 | Build | House |
| 15:18 | Build | Palisade Wall |
| 15:23 | Build | Palisade Wall |
| 15:39 | Queue | Villager (Male) |
| 15:52 | Build | House |
| 15:53 | Build | Palisade Wall |
| 15:55 | Queue | Villager (Male) |
| 16:20 | Queue | Villager (Male) |
| 16:30 | Queue | Villager (Male) |
| 16:33 | Build | Market |
| 16:46 | Queue | Villager (Male) |
| 16:54 | Research | Wheelbarrow |
| 16:59 | Build | Palisade Wall |
| 17:01 | Queue | Villager (Male) |
| 17:08 | Build | Farm |
| 18:10 | Research | Castle Age |
| 18:17 | Build | Stable |
| 18:56 | Build | Stable |
| 19:03 | Research | Bloodlines |
| 19:23 | Build | Lumber Camp |
| 19:26 | Research | Scale Barding Armor |
| 19:54 | Research | Horse Collar |
| 20:05 | Research | Gold Mining |
| 20:10 | Queue | Villager (Male) |
| 20:20 | Build | Farm |
| 20:22 | Build | Farm |
| 20:25 | Build | Farm |
| 20:58 | Age | Castle Age |
| 20:59 | Queue | Knight |
| 20:59 | Queue | Knight |
| 20:59 | Queue | Knight |
| 21:04 | Queue | Villager (Male) |
| 21:13 | Queue | Knight |
| 21:27 | Build | Town Center |
| 21:27 | Queue | Knight |
| 21:38 | Build | Farm |
| 21:40 | Queue | Villager (Male) |
| 21:44 | Queue | Knight |
| 21:48 | Queue | Villager (Male) |
| 21:54 | Build | Farm |
| 21:55 | Queue | Knight |
| 22:00 | Build | Palisade Gate |
| 22:07 | Build | Palisade Wall |
| 22:11 | Queue | Villager (Male) |
| 22:12 | Queue | Knight |
| 22:20 | Build | Farm |
| 22:21 | Build | Farm |
| 22:21 | Queue | Villager (Male) |
| 22:30 | Queue | Villager (Male) |
| 22:39 | Queue | Villager (Male) |
| 22:40 | Build | Farm |
| 22:41 | Queue | Villager (Male) |
| 22:54 | Queue | Knight |
Build order — PaPa $/V\uRF
First 150 of 564 actions detected
| 0:00 | Queue | Villager (Male) |
| 0:10 | Queue | Villager (Male) |
| 0:13 | Queue | Villager (Male) |
| 0:15 | Queue | Villager (Male) |
| 1:03 | Queue | Villager (Male) |
| 1:55 | Queue | Villager (Male) |
| 2:08 | Build | Lumber Camp |
| 2:16 | Queue | Villager (Male) |
| 2:32 | Queue | Villager (Male) |
| 2:32 | Queue | Villager (Male) |
| 2:53 | Queue | Villager (Male) |
| 3:38 | Queue | Villager (Male) |
| 3:51 | Queue | Villager (Male) |
| 4:22 | Queue | Villager (Male) |
| 4:48 | Queue | Villager (Male) |
| 5:27 | Queue | Villager (Male) |
| 5:28 | Queue | Villager (Male) |
| 5:52 | Build | Barracks |
| 6:10 | Research | Loom |
| 6:58 | Research | Feudal Age |
| 6:58 | Research | Feudal Age |
| 8:59 | Queue | Villager (Male) |
| 9:08 | Age | Feudal Age |
| 9:10 | Build | Stable |
| 9:12 | Queue | Spearman |
| 9:15 | Research | Double-Bit Axe |
| 9:16 | Queue | Villager (Male) |
| 9:34 | Queue | Villager (Male) |
| 9:53 | Queue | Villager (Male) |
| 9:55 | Build | Palisade Gate |
| 9:56 | Build | Palisade Wall |
| 10:12 | Queue | Scout Cavalry |
| 10:14 | Queue | Scout Cavalry |
| 10:29 | Queue | Villager (Male) |
| 10:30 | Queue | Villager (Male) |
| 10:35 | Build | Mill |
| 10:45 | Build | Palisade Wall |
| 10:47 | Build | Palisade Wall |
| 11:01 | Build | Palisade Wall |
| 11:02 | Build | Palisade Wall |
| 11:03 | Build | Palisade Wall |
| 11:09 | Build | Palisade Wall |
| 11:11 | Queue | Scout Cavalry |
| 11:18 | Build | Farm |
| 11:23 | Build | Farm |
| 11:49 | Queue | Villager (Male) |
| 11:54 | Build | Farm |
| 11:57 | Build | Farm |
| 12:14 | Queue | Villager (Male) |
| 12:27 | Queue | Villager (Male) |
| 12:42 | Build | Archery Range |
| 12:44 | Build | Farm |
| 12:45 | Build | Farm |
| 12:47 | Research | Horse Collar |
| 12:49 | Queue | Villager (Male) |
| 13:07 | Queue | Villager (Male) |
| 13:10 | Build | Farm |
| 13:22 | Build | Lumber Camp |
| 13:39 | Queue | Skirmisher |
| 13:39 | Queue | Skirmisher |
| 13:42 | Queue | Villager (Male) |
| 13:50 | Queue | Skirmisher |
| 13:52 | Build | Farm |
| 14:13 | Queue | Villager (Male) |
| 14:14 | Queue | Skirmisher |
| 14:22 | Build | Farm |
| 14:25 | Build | Farm |
| 14:29 | Queue | Villager (Male) |
| 15:04 | Queue | Villager (Male) |
| 15:06 | Build | Farm |
| 15:13 | Queue | Skirmisher |
| 15:13 | Queue | Skirmisher |
| 15:30 | Queue | Villager (Male) |
| 15:32 | Build | Farm |
| 15:37 | Build | Farm |
| 15:39 | Build | Farm |
| 15:52 | Queue | Skirmisher |
| 15:53 | Queue | Villager (Male) |
| 16:10 | Queue | Villager (Male) |
| 16:19 | Build | Outpost |
| 16:22 | Research | Town Watch |
| 16:23 | Queue | Villager (Male) |
| 16:31 | Queue | Skirmisher |
| 16:56 | Queue | Villager (Male) |
| 17:02 | Build | Farm |
| 17:03 | Build | Farm |
| 17:06 | Build | Mining Camp |
| 17:11 | Queue | Villager (Male) |
| 17:34 | Build | Blacksmith |
| 17:43 | Queue | Villager (Male) |
| 18:06 | Research | Gold Mining |
| 18:15 | Queue | Villager (Male) |
| 18:23 | Build | Outpost |
| 18:40 | Research | Castle Age |
| 19:16 | Build | Archery Range |
| 19:18 | Build | Archery Range |
| 19:26 | Build | Lumber Camp |
| 19:30 | Queue | Villager (Male) |
| 20:09 | Research | Fletching |
| 20:09 | Research | Padded Archer Armor |
| 20:13 | Build | Archery Range |
| 20:33 | Research | Bloodlines |
| 21:20 | Age | Castle Age |
| 21:22 | Queue | Cavalry Archer |
| 21:22 | Queue | Cavalry Archer |
| 21:23 | Queue | Cavalry Archer |
| 21:23 | Queue | Cavalry Archer |
| 21:32 | Build | Town Center |
| 21:36 | Queue | Cavalry Archer |
| 21:36 | Queue | Cavalry Archer |
| 21:36 | Queue | Cavalry Archer |
| 21:36 | Queue | Cavalry Archer |
| 21:42 | Queue | Villager (Male) |
| 21:45 | Research | Bow Saw |
| 22:03 | Research | Bodkin Arrow |
| 22:04 | Queue | Cavalry Archer |
| 22:05 | Queue | Villager (Male) |
| 22:19 | Queue | Villager (Male) |
| 22:28 | Queue | Villager (Male) |
| 22:36 | Build | Town Center |
| 22:47 | Queue | Cavalry Archer |
| 22:47 | Queue | Cavalry Archer |
| 22:52 | Queue | Villager (Male) |
| 22:55 | Queue | Cavalry Archer |
| 22:55 | Queue | Cavalry Archer |
| 23:02 | Queue | Cavalry Archer |
| 23:06 | Queue | Villager (Male) |
| 23:06 | Queue | Villager (Male) |
| 23:33 | Queue | Villager (Male) |
| 23:34 | Queue | Villager (Male) |
| 23:35 | Queue | Cavalry Archer |
| 23:35 | Queue | Cavalry Archer |
| 23:35 | Queue | Cavalry Archer |
| 23:35 | Queue | Cavalry Archer |
| 23:37 | Queue | Cavalry Archer |
| 23:38 | Queue | Cavalry Archer |
| 23:38 | Queue | Cavalry Archer |
| 23:38 | Queue | Villager (Male) |
| 23:39 | Queue | Villager (Male) |
| 23:54 | Queue | Cavalry Archer |
| 23:55 | Queue | Cavalry Archer |
| 24:07 | Queue | Cavalry Archer |
| 24:07 | Queue | Cavalry Archer |
| 24:07 | Queue | Cavalry Archer |
| 24:08 | Queue | Cavalry Archer |
| 24:10 | Queue | Villager (Male) |
| 24:11 | Queue | Villager (Male) |
| 24:11 | Queue | Villager (Male) |
| 24:15 | Build | Farm |
| 24:17 | Build | Farm |
Match timeline
| 5:07 | FJL · first_building Barracks |
| 5:35 | FJL · wall_segment Palisade Wall x1 |
| 5:52 | PaPa $/V\uRF · first_building Barracks |
| 6:23 | FJL · wall_segment Palisade Wall x9 |
| 8:06 | FJL · wall_segment Palisade Wall x1 |
| 8:26 | FJL · wall_segment Palisade Wall x1 |
| 8:28 | FJL · wall_segment Palisade Wall x1 |
| 8:30 | FJL · wall_segment Palisade Wall x1 |
| 9:08 | PaPa $/V\uRF · age_up feudal |
| 9:10 | PaPa $/V\uRF · first_building Stable |
| 9:16 | FJL · age_up feudal |
| 9:34 | FJL · first_building Archery Range |
| 9:56 | PaPa $/V\uRF · wall_segment Palisade Wall x1 |
| 10:17 | FJL · wall_segment Palisade Wall x1 |
| 10:45 | PaPa $/V\uRF · wall_segment Palisade Wall x1 |
| 10:47 | PaPa $/V\uRF · wall_segment Palisade Wall x1 |
| 11:01 | PaPa $/V\uRF · wall_segment Palisade Wall x4 |
| 11:02 | PaPa $/V\uRF · wall_segment Palisade Wall x1 |
| 11:03 | PaPa $/V\uRF · wall_segment Palisade Wall x1 |
| 11:09 | PaPa $/V\uRF · wall_segment Palisade Wall x3 |
| 12:42 | PaPa $/V\uRF · first_building Archery Range |
| 15:18 | FJL · wall_segment Palisade Wall x1 |
| 15:23 | FJL · wall_segment Palisade Wall x12 |
| 15:53 | FJL · wall_segment Palisade Wall x7 |
| 16:59 | FJL · wall_segment Palisade Wall x1 |
| 17:45 | FJL · first_market_sell 100 wood |
| 17:46 | FJL · first_market_buy 100 food |
| 18:17 | FJL · first_building Stable |
| 20:58 | FJL · age_up castle |
| 21:20 | PaPa $/V\uRF · age_up castle |
| 22:07 | FJL · wall_segment Palisade Wall x1 |
| 26:09 | FJL · first_building Siege Workshop |
| 27:49 | FJL · wall_segment Stone Wall x1 |
| 27:51 | FJL · wall_segment Stone Wall x3 |
| 30:31 | FJL · wall_segment Stone Wall x1 |
| 32:39 | PaPa $/V\uRF · first_building Monastery |
| 33:35 | PaPa $/V\uRF · first_building Castle |
| 35:39 | PaPa $/V\uRF · first_building Siege Workshop |
| 35:47 | FJL · wall_segment Stone Wall x4 |
| 37:39 | FJL · first_building Castle |
| 39:52 | PaPa $/V\uRF · age_up imperial |
| 46:09 | FJL · resign |
[ AI ANALYSIS · 1 CREDIT ]
What really happened in this match?
Wolo.gg analyzes every decision: build order, eco, micro, common mistakes by bracket. Personalized analysis on WhatsApp or Discord in 30 seconds.
Civ guide
Tatars
Perfil
Jugador #5150947